 Dungeon Crawl Stone Soup version 0.28.0-53-g5a82cb258f (webtiles) character file.

Game seed: 9496707580151615285

286444 Sin92 the Shatterer (level 19, -17/185 HPs)
             Began as a Minotaur Fighter on June 9, 2022.
             Was the Champion of Okawaru.
             Demolished by a phantasmal warrior (42 damage)
             ... on level 1 of the Vaults.
             The game lasted 02:03:16 (48548 turns).

Sin92 the Shatterer (Minotaur Fighter)             Turns: 48548, Time: 02:03:17

Health: -17/185    AC: 27    Str: 31    XL:     19   Next: 83%
Magic:  0/21       EV: 23    Int:  5    God:    Okawaru [******]
Gold:   879        SH: 31    Dex: 31    Spells: 18/18 levels left

rFire   . . .      SeeInvis .   w - +9 eveningstar (drain)
rCold   + . .      Faith    .   M - +4 tower shield "Cas Lesmu" {rPois MP-9 Dex+4}
rNeg    . . .      Spirit   +   n - +7 Kryia's mail coat {PotionHeal*2 rC+}
rPois   +          Reflect  .   (helmet restricted)
rElec   +          Harm     .   c - +2 cloak
rCorr   .          Rampage  .   Q - +2 pair of gloves {Stlth+}
Will    .....                   h - +0 pair of boots "Reecyada" {rElec Dex+7}
Stlth   +++.......              a - amulet of guardian spirit
HPRegen 0.40/turn               R - +6 ring of strength
MPRegen 0.17/turn               T - ring "Huydezxu" {MP+9 Dex+6}

@: weak-willed
A: horns 2, retaliatory headbutt, low MP 1
}: 2/15 runes: decaying, serpentine
a: Renounce Religion, Heroism, Finesse, Duel


You were on level 1 of the Vaults.
You worshipped Okawaru.
Okawaru was exalted by your worship.
You visited 9 branches of the dungeon, and saw 36 of its levels.
You visited the Abyss 1 time.

You collected 3633 gold pieces.
You spent 2754 gold pieces at shops.

Inventory:

Hand Weapons
 b - the +6 mace "Zuicvodgh" {vorpal, Int+4}
   (Okawaru gifted it to you on level 3 of the Snake Pit)

   It inflicts extra damage upon your enemies.
   Int:       It affects your intelligence (+4).
 w - a +9 eveningstar of draining (weapon)
 x - a +0 morningstar of distortion
 F - the +5 mace of the Glimmering Badger {antimagic, rC+ Will- Int+4 Dex+4}
   (You bought it in a shop on level 1 of the Elven Halls)

   It reduces the magical energy of the wielder, and disrupts the spells and
   magical abilities of those it strikes.
   Natural abilities and divine invocations are not affected.
   Int:       It affects your intelligence (+4).
   Dex:       It affects your dexterity (+4).
   rC:        It protects you from cold.
   Will:      It decreases your willpower.
 V - the +8 whip "Snakebite" {venom, curare, rPois}
   (Okawaru gifted it to you on level 1 of the Vaults)

   It poisons the flesh of those it strikes.
   It occasionally inflicts asphyxiating poison on those it strikes, dealing
   poison damage and causing slowness.
   rPois:     It protects you from poison.
 W - the +11 hand axe "Tiotu" {venom, rC++ Int+5}
   (You bought it in a shop on level 1 of the Snake Pit)

   It poisons the flesh of those it strikes.
   Int:       It affects your intelligence (+5).
   rC:        It greatly protects you from cold.
Missiles
 j - 4 javelins (quivered)
Armour
 c - a +2 cloak (worn)
 h - the +0 pair of boots "Reecyada" (worn) {rElec Dex+7}
   (Okawaru gifted it to you on level 5 of the Lair of Beasts)

   Dex:       It affects your dexterity (+7).
   rElec:     It insulates you from electricity.
 n - the +7 Kryia's mail coat (worn) {PotionHeal*2 rC+}
   (You acquired it on level 6 of the Dungeon)

   Potions are twice as effective at healing its wearer.
   rC:        It protects you from cold.
 K - a +2 pair of gloves
 M - the +4 tower shield "Cas Lesmu" (worn) {rPois MP-9 Dex+4}
   (Okawaru gifted it to you on level 4 of the Swamp)

   Dex:       It affects your dexterity (+4).
   rPois:     It protects you from poison.
   MP:        It affects your magic capacity (-9).
 Q - a +2 pair of gloves of stealth (worn)
Jewellery
 a - an amulet of guardian spirit (around neck)
 k - a ring of flight
 q - a +4 ring of slaying
 t - the ring of Copn {Fire Int+2}
   (You found it on level 1 of the Swamp)

   [ring of fire]

   It enhances your fire magic.
   Int:       It affects your intelligence (+2).
   rF:        It protects you from fire.
   rC:        It makes you vulnerable to cold.
 v - the ring "Ithrigero" {Drain rF++ Int+6 Slay+2 Stlth+}
   (You acquired it on level 7 of the Dungeon)

   [ring of intelligence]

   Int:       It affects your intelligence (+6).
   Slay:      It affects your accuracy & damage with ranged weapons and melee
   (+2).
   rF:        It greatly protects you from fire.
   Drain:     It drains your maximum health when unequipped.
   Stlth:     It makes you more stealthy.
 y - a ring of ice
 H - a +6 ring of dexterity
 R - a +6 ring of strength (left hand)
 S - a ring of see invisible
 T - the ring "Huydezxu" (right hand) {MP+9 Dex+6}
   (You found it on level 14 of the Dungeon)

   [ring of magical power]

   Dex:       It affects your dexterity (+6).
   MP:        It affects your magic capacity (+9).
 X - an amulet of regeneration
Wands
 f - a wand of iceblast (6)
 s - a wand of flame (16)
 u - a wand of digging (12)
Scrolls
 g - 13 scrolls of teleportation
 o - 7 scrolls of blinking
 r - 4 scrolls of immolation
 E - a scroll of enchant armour
 G - 7 scrolls of magic mapping
 L - 3 scrolls of fog
 O - a scroll of amnesia
 P - a scroll of silence
 U - a scroll of brand weapon
Potions
 d - a potion of might
 e - 6 potions of ambrosia
 i - 7 potions of flight
 l - 6 potions of heal wounds
 m - 2 potions of curing
 p - 7 potions of haste
 z - 4 potions of lignification
 A - 6 potions of mutation
 B - 4 potions of resistance
 C - 4 potions of berserk rage
 D - 2 potions of attraction
 I - 6 potions of brilliance
 J - 2 potions of cancellation
 N - 2 potions of magic


   Skills:
 + Level 20.0 Fighting
 - Level 5.2(15.6) Axes
 + Level 22.4(22.6) Maces & Flails
 + Level 19.1 Armour
 + Level 12.6 Dodging
 - Level 4.0 Stealth
 + Level 22.1 Shields
 - Level 8.4 Invocations


You had 18 spell levels left.
You didn't know any spells.
Your spell library contained the following spells:

 Spells                   Type           Power      Damage    Failure   Level
 Freeze                   Ice            0%         1d3       80%         1
 Sandblast                Erth           0%         2d4       80%         1
 Shock                    Conj/Air       0%         1d3       80%         1
 Slow                     Hex            0%         N/A       80%         1
 Corpse Rot               Necr/Air       0%         N/A       91%         2
 Ensorcelled Hibernation  Hex/Ice        0%         N/A       91%         2
 Poisonous Vapours        Pois/Air       0%         N/A       91%         2
 Confusing Touch          Hex            0%         N/A       99%         3
 Frozen Ramparts          Ice            0%         1d2       99%         3
 Inner Flame              Hex/Fire       0%         N/A       99%         3
 Spider Form              Tmut/Pois      0%         N/A       99%         3
 Swiftness                Air            0%         N/A       99%         3
 Vampiric Draining        Necr           0%         2d6       99%         3
 Airstrike                Air            0%         N/A       100%        4
 Anguish                  Hex/Necr       0%         N/A       100%        4
 Cause Fear               Hex            0%         N/A       100%        4
 Dispel Undead            Necr           0%         3d6       100%        4
 Hailstorm                Conj/Ice       0%         3d3       100%        4
 Olgreb's Toxic Radiance  Pois           0%         N/A       100%        4
 Passage of Golubria      Tloc           0%         N/A       100%        4
 Borgnjor's Vile Clutch   Necr/Erth      0%         N/A       100%        5
 Yara's Violent Unravell  Hex/Tmut       0%         3d3       100%        5
 Iron Shot                Conj/Erth      0%         9d1       100%        6
 Statue Form              Tmut/Erth      0%         N/A       100%        6
 Dragon Form              Tmut           0%         N/A       100%        7
 Enfeeble                 Hex            0%         N/A       100%        7
 Ozocubu's Refrigeration  Ice            0%         4d5       100%        7
 Discord                  Hex            0%         N/A       100%        8
 Ignition                 Fire           0%         3d3       100%        8
 Necromutation            Tmut/Necr      0%         N/A       100%        8
 Tukima's Dance           Hex            Unusable   N/A       N/A         3
 Death Channel            Necr           Unusable   N/A       N/A         6
 Dragon's Call            Summ           Unusable   N/A       N/A         9

Dungeon Overview and Level Annotations

Branches:
Dungeon (15/15)            Temple (1/1) D:7            Lair (6/6) D:9
  Swamp (4/4) Lair:4        Snake (4/4) Lair:4        Slime (0/5) Lair:5
    Orc (2/2) D:12            Elf (2/3) Orc:2        Vaults (1/5) D:14
 Depths (1/4) D:15

Altars:
Ashenzari
Cheibriados
Dithmenos
Elyvilon
Fedhas
Gozag
Hepliaklqana
Kikubaaqudgha
Makhleb
Nemelex Xobeh
Okawaru
Qazlal
Ru
Sif Muna
Trog
Uskayaw
Vehumet
Wu Jian
Xom
Yredelemnul
Zin
The Shining One
Jiyva

Shops:
D:5 ?   D:6 ?   D:11 ?   Orc:2 ?!(=*(*(:   Elf:1 (:=:   Snake:1 (   Snake:4 *

Portals:
Pandemonium: Orc:2 Depths:1


Innate Abilities, Weirdness & Mutations

You have a pair of horns on your head.
You reflexively headbutt those who attack you in melee.
Your magical capacity is low. (-10% MP)


Message History

The phantasmal warrior gestures at you.
The phantasmal warrior blinks!
The vault warden barely misses you.
You completely miss the sphinx. You headbutt the sphinx.
The sphinx is almost dead.
You block the sphinx's attack. The sphinx hits you.
* * * LOW HITPOINT WARNING * * *
The sphinx completely misses you. You block the vault warden's attack.
The phantasmal warrior misses you.
Unknown command.
You bludgeon the sphinx!!
You kill the sphinx!
Okawaru accepts your kill.
The tengu reaver is recalled.
The vault warden is recalled.
The yaktaur is recalled.
A yaktaur comes into view.
A vault warden comes into view.
It is wielding a +3 vampiric long sword.
The phantasmal warrior hits you!!
* * * LOW HITPOINT WARNING * * *
You block the vault warden's attack.
A tengu reaver comes into view.
It is wielding a +3 long sword of electrocution, wearing a +2 scale mail of poison resistance and wearing a +2 buckler of poison resistance.
You perforate the vault warden like a sieve!!!
You drain the vault warden. You headbutt the vault warden!!
The vault warden is severely wounded.
The yaktaur wields a +0 arbalest.
The yaktaur shoots a bolt.
The bolt barely misses you.
The phantasmal warrior closely misses you.
You furiously retaliate!
You headbutt the phantasmal warrior!
The vault warden hits you but does no damage.
You puncture the vault warden! You drain the vault warden.
The vault warden is almost dead.
Unknown command.
You bludgeon the vault warden!!
You kill the vault warden!
Okawaru accepts your kill.
The runic seals fade away.
You block the tengu reaver's attack.
The tengu reaver pecks you but does no damage.
The tengu reaver completely misses you.
The vault warden activates a sealing rune.
The phantasmal warrior hits you!!!
You die...

...................
...................
...................
...................
##+#+########+###########
..............#
..............# #######
..#.cp...W....# #....).
#....pQ@.....# #......
##...))......# #......
###...####### #......
#.#..# #...... #.....#
#...... #.....# #......
......# #...... .......#
#...... #......


You could see a vault warden, a tengu reaver, a phantasmal warrior (strong), an
ironbound convoker (catching breath) and a yaktaur.

Vanquished Creatures
  An ancient lich (Depths:1)
  2 tentacled monstrosities
  A lich (Abyss:3)
  The ghost of Buem the Warrior, an adept OgAM of Yredelemnul (Swamp:1)
  4 sphinxes
  A thorn hunter (Swamp:4)
  Frances (Snake:2)
  Kirke (D:13)
  The ghost of Gokhumny the Blocker, an adept GnFi of Okawaru (Swamp:1)
  2 shadow dragons (Depths:1)
  Roxanne (Swamp:1)
  7 nagarajas
  A fenstrider witch (Swamp:3)
  The ghost of Soldner the Executioner, a journeyman HOFi of Beogh (Swamp:1)
  The ghost of Ypsiuj the Thaumaturge, an adept GnSk of Makhleb (Swamp:1)
  2 vault wardens (Vaults:1)
  A deep elf sorcerer (Elf:1)
  Aizul (Swamp:4)
  An orc warlord (Orc:2)
  2 ghouls (Swamp:4)
  2 ironbound preservers (Vaults:1)
  5 vampire knights (Depths:1)
  A stone giant (Depths:1)
  2 deep elf demonologists (Elf:1)
  7 eleionomae
  3 dire elephants (Vaults:1)
  The ghost of growler the Severer, a journeyman TeBe of Trog (Orc:2)
  The ghost of issech the Severer, a journeyman MiMo of Hepliaklqana (D:13)
  Azrael (D:12)
  2 bunyips
  A deep elf death mage (Depths:1)
  2 fire dragons
  A shambling mangrove (Swamp:4)
  2 yaktaur captains (Vaults:1)
  A deep elf high priest (Elf:1)
  3 spriggan zombies
  A rakshasa (Depths:1)
  5 salamander tyrants
  12 naga warriors
  2 ice dragons
  A vault guard (Vaults:1)
  23 hydras
  3 ghost crabs
  A demonspawn (Orc:2)
  An ogre mage (D:15)
  5 boulder beetles
  Erolcha (D:9)
  2 ironbound frosthearts (Vaults:1)
  9 anacondas
  7 centaur warriors
  9 two-headed ogres
  6 alligators
  14 death yaks
  8 dancing weapons (Elf:1)
  A spriggan berserker (Swamp:4)
  4 tengu warriors
  A deep troll earth mage (Depths:1)
  4 orc high priests (Orc:2)
  2 deep troll shamans (Depths:1)
  5 thrashing horrors (Abyss:3)
  11 shock serpents
  17 spriggans
  15 naga sharpshooters
  3 soul eaters (Depths:1)
  5 deep elf knights (Elf:1)
  5 sun demons
  A sixfirhy (Orc:2)
  4 wretched stars (Abyss:3)
  5 salamander mystics
  4 skeletal warriors
  A shadow wraith (Depths:1)
  2 iron trolls (Depths:1)
  2 spatial maelstroms (Abyss:3)
  3 goliath frogs
  3 spriggan druids
  3 flayed ghosts
  10 deep trolls
  A golden dragon zombie (Depths:1)
  3 naga ritualists
  10 bog bodies
  3 wizards
  18 swamp dragons
  2 ironbound convokers (Vaults:1)
  6 harpies
  A deep elf archer (Elf:1)
  7 deep elf zephyrmancers (Elf:1)
  7 lindwurms
  3 fire giant zombies
  4 necromancers
  18 ugly things
  16 deep elf pyromancers
  4 mana vipers (Snake:3)
  7 orc knights
  A worldbinder (Abyss:3)
  A sphinx skeleton (Depths:1)
  2 moths of wrath (D:13)
  An oklob plant (Lair:3)
  A spectral spriggan (Depths:1)
  8 orc sorcerers (Orc:2)
  11 manticores
  6 will-o-the-wisps
  A cyclops (D:14)
  13 salamanders
  A stone giant skeleton (Abyss:3)
  14 elephants
  6 guardian serpents
  17 naga magi
  2 molten gargoyles (Lair:3)
  6 vault sentinels (Vaults:1)
  5 torpor snails (Lair:6)
  An eye of devastation (Depths:1)
  A rust devil (D:10)
  26 black mambas
  11 cane toads
  A gargoyle (D:11)
  A hellion (Abyss:3)
  Maggie (D:8)
  A cane toad (shapeshifter) (D:15)
  5 efreet
  Psyche (D:12)
  2 rime drakes
  9 komodo dragons
  A kobold demonologist (Elf:1)
  4 yaktaurs (Vaults:1)
  A hellwing (Orc:2)
  2 tengu conjurers (Depths:1)
  A freezing wraith (D:14)
  An ancient zyme (Abyss:3)
  5 trolls
  4 polar bears
  A bloated husk (Swamp:2)
  22 hornets
  A polar bear (shapeshifter) (D:14)
  A queen bee (Lair:2)
  A wolf spider simulacrum (D:14)
  9 slime creatures
  3 raiju (Abyss:3)
  11 blink frogs
  14 tyrant leeches
  12 dream sheep (Lair:4)
  5 small abominations (Abyss:3)
  A dream sheep (shapeshifter) (D:14)
  An air elemental (Abyss:3)
  2 shadows (D:11)
  A ynoxinul (Abyss:3)
  6 starcursed masses (Abyss:3)
  2 centaur simulacra (D:14)
  45 yaks
  8 wyverns
  4 water elementals
  2 wraiths (D:13)
  4 steam dragons
  5 hogs (D:13)
  4 basilisks
  4 large abominations (Abyss:3)
  5 fire elementals
  2 neqoxecs (Abyss:3)
  8 vampire mosquitoes
  19 swamp worms
  46 nagas
  2 wargs (Orc:2)
  A spatial vortex (Abyss:3)
  4 acid dragons
  7 hell hounds
  20 water moccasins
  2 black bears
  31 orc warriors
  2 necrophages (D:7)
  11 swamp drakes
  2 ice beasts
  A sky beast (Lair:2)
  12 ogres
  A boggart (Elf:1)
  A hornet zombie (D:5)
  14 wolves
  5 centaurs
  3 kobold brigands
  13 bullfrogs
  An earth elemental (Elf:1)
  A wyvern zombie (D:9)
  A wyvern skeleton (D:7)
  27 killer bees
  2 wights (Abyss:3)
  8 howler monkeys
  12 electric eels
  A bullfrog zombie (D:6)
  2 centaur zombies
  5 lava snakes (Lair:3)
  A centaur skeleton (D:6)
  29 orc priests
  2 gnoll shamans
  2 hounds (D:5)
  2 jellies
  5 bullfrog skeletons
  6 iguanas
  13 orc wizards
  A hell rat (Elf:1)
  4 spectral orcs (Orc:2)
  A hound skeleton (D:5)
  2 howler monkey zombies (D:9)
  14 gnolls
  9 adders
  A shadow imp (D:7)
  2 white imps (D:7)
  An ufetubus (D:6)
  2 dart slugs (D:1)
  69 orcs
  4 orc simulacra (Orc:2)
  9 ball pythons
  3 endoplasms
  5 giant cockroaches
  7 goblins
  4 hobgoblins
  4 jackals
  28 kobolds
  4 quokkas
  10 bats
  A frilled lizard (D:2)
  6 rats
1266 creatures vanquished.

Vanquished Creatures (others)
  A tengu warrior (Depths:1)
  A spatial maelstrom (Abyss:3)
  A black mamba (Snake:3)
  2 tyrant leeches
  2 bloated husks
  A shadow (D:9)
  40 foxfires
  20 fungi
  102 plants
  5 withered plants (D:15)
175 creatures vanquished.

Grand Total: 1441 creatures vanquished

Notes
Turn   | Place    | Note
-------+----------+-------------------------------------------
     0 | D:1      | Sin92 the Minotaur Fighter began the quest for the Orb.
     0 | D:1      | Reached XP level 1. HP: 19/19 MP: 0/0
   285 | D:1      | Reached XP level 2. HP: 27/27 MP: 1/1
   682 | D:1      | Found a faded altar of an unknown god.
   780 | D:1      | Reached XP level 3. HP: 33/33 MP: 2/2
  1010 | D:2      | Found a hazy altar of Hepliaklqana.
  1072 | D:2      | Reached skill level 1 in Dodging
  1705 | D:3      | Reached skill level 1 in Maces & Flails
  1708 | D:3      | Reached XP level 4. HP: 37/40 MP: 3/3
  2701 | D:4      | Found a shadowy altar of Dithmenos.
  2921 | D:4      | Reached XP level 5. HP: 47/47 MP: 4/4
  2973 | D:4      | Noticed an ogre
  3293 | D:4      | Reached skill level 5 in Dodging
  3293 | D:4      | Reached XP level 6. HP: 60/60 MP: 5/5
  4497 | D:5      | Entered Level 5 of the Dungeon
  4613 | D:5      | Reached XP level 7. HP: 61/66 MP: 6/6
  4751 | D:5      | Reached XP level 8. HP: 26/74 MP: 7/7
  5150 | D:5      | Found Hitoz's Magic Scroll Shoppe.
  5198 | D:5      | Found a stormy altar of Qazlal.
  5501 | D:6      | Found a hide-covered altar of Uskayaw.
  5562 | D:6      | Found Qevyisk's Magic Scroll Shop.
  6039 | D:6      | Identified a scroll of acquirement
  6039 | D:6      | Acquired the +7 Kryia's mail coat {PotionHeal*2 rC+}
  6039 | D:6      | Found the +7 Kryia's mail coat {PotionHeal*2 rC+}
  6517 | D:7      | Reached skill level 5 in Axes
  6576 | D:7      | Reached XP level 9. HP: 81/81 MP: 8/8
  6663 | D:7      | Reached skill level 10 in Maces & Flails
  6756 | D:7      | Found a staircase to the Ecumenical Temple.
  6892 | Temple   | Entered the Ecumenical Temple
  7639 | D:7      | Acquired a +4 eveningstar of protection
  7641 | D:7      | Acquired the ring "Ithrigero" {Drain rF++ Int+6 Slay+2
                  | Stlth+}
  7882 | Temple   | Became a worshipper of Warmaster Okawaru
  7905 | D:8      | Noticed Maggie
  7917 | D:8      | Killed Maggie
  8019 | D:8      | Reached * piety under Okawaru
  8030 | D:8      | Reached skill level 1 in Invocations
  8444 | D:8      | Found a snail-covered altar of Cheibriados.
  8544 | D:6      | Bought a scroll of brand weapon for 240 gold pieces
  8696 | D:9      | Reached ** piety under Okawaru
  8865 | D:9      | Found an ancient bone altar of Kikubaaqudgha.
  9089 | D:9      | Found a runed translucent door.
  9092 | D:9      | Noticed Erolcha
  9094 | D:9      | Noticed a centaur warrior
  9098 | D:9      | Killed Erolcha
  9099 | D:9      | Reached XP level 10. HP: 90/90 MP: 10/10
  9390 | D:9      | Reached *** piety under Okawaru
  9646 | D:9      | Found a radiant altar of Vehumet.
  9907 | D:9      | Noticed a death yak
  9913 | D:9      | Noticed a death yak
  9914 | D:9      | Noticed a death yak
  9915 | D:9      | Noticed a death yak
  9920 | D:9      | Killed a death yak
  9924 | D:9      | Killed a death yak
  9924 | D:9      | Reached **** piety under Okawaru
  9931 | D:9      | Killed a death yak
  9935 | D:9      | Killed a death yak
  9937 | D:9      | Found a staircase to the Lair.
 10491 | D:9      | Killed a centaur warrior
 10491 | D:9      | Reached ***** piety under Okawaru
 10492 | D:9      | Reached XP level 11. HP: 96/97 MP: 9/12
 10739 | D:10     | Entered Level 10 of the Dungeon
 10893 | D:10     | Received a gift from Okawaru
 11205 | D:10     | Found a blossoming altar of Fedhas.
 11874 | D:10     | Found a burning altar of Makhleb.
 12126 | Lair:1   | Entered Level 1 of the Lair of Beasts
 12148 | Lair:1   | Reached skill level 10 in Fighting
 12174 | Lair:1   | Identified the +4 broad axe "Qynyu" {flame, *Slow rF+ rN+}
                  | (Okawaru gifted it to you on level 1 of the Lair of Beasts)
 12174 | Lair:1   | Received a gift from Okawaru
 12175 | Lair:1   | Reached skill level 10 in Armour
 12574 | Lair:1   | Reached skill level 10 in Shields
 13621 | Lair:2   | Reached skill level 5 in Invocations
 13621 | Lair:2   | Reached XP level 12. HP: 59/107 MP: 14/14
 13942 | Lair:2   | Acquired 426 gold pieces
 14696 | Lair:2   | Reached ****** piety under Okawaru
 15493 | Lair:3   | Noticed an eight-headed hydra
 15499 | Lair:3   | Killed an eight-headed hydra
 15499 | Lair:3   | Received a gift from Okawaru
 16439 | Lair:3   | Noticed a four-headed hydra
 16446 | Lair:3   | Killed a four-headed hydra
 16700 | Lair:3   | Noticed an eight-headed hydra
 16709 | Lair:3   | Killed an eight-headed hydra
 17256 | Lair:4   | Noticed a death yak
 17257 | Lair:4   | Noticed a death yak
 17263 | Lair:4   | Noticed a death yak
 17270 | Lair:4   | Noticed a death yak
 17274 | Lair:4   | Noticed a death yak
 17274 | Lair:4   | Killed a death yak
 17278 | Lair:4   | Killed a death yak
 17278 | Lair:4   | Identified the +0 war axe of Maosep {speed, rPois rC-
                  | Int+2} (Okawaru gifted it to you on level 4 of the Lair of
                  | Beasts)
 17278 | Lair:4   | Received a gift from Okawaru
 17285 | Lair:4   | Killed a death yak
 17286 | Lair:4   | Reached XP level 13. HP: 88/116 MP: 16/16
 17755 | Lair:4   | HP: 4/116 [death yak (8)]
 18192 | Lair:4   | Found a staircase to the Snake Pit.
 18427 | Lair:4   | Reached skill level 15 in Maces & Flails
 18430 | Lair:4   | Received a gift from Okawaru
 18661 | Lair:4   | Found a staircase to the Swamp.
 19298 | Lair:5   | Found a staircase to the Slime Pits.
 19492 | Lair:5   | Found a viscous altar of Jiyva.
 19539 | Lair:5   | Identified the +0 pair of boots "Reecyada" {rElec Dex+7}
                  | (Okawaru gifted it to you on level 5 of the Lair of Beasts)
 19539 | Lair:5   | Received a gift from Okawaru
 19940 | Lair:5   | Reached skill level 10 in Dodging
 20565 | Lair:6   | Entered Level 6 of the Lair of Beasts
 20851 | Lair:6   | Reached XP level 14. HP: 111/127 MP: 14/18
 21061 | Lair:6   | Found a runed translucent door.
 21122 | Lair:6   | Paralysed by a hornet for 1 turns
 22050 | Lair:6   | Identified the +1 robe of Ipleheag {Will- Int+2 Dex+6}
                  | (Okawaru gifted it to you on level 6 of the Lair of Beasts)
 22050 | Lair:6   | Received a gift from Okawaru
 22639 | D:11     | Found Qenk's Magic Scroll Boutique.
 22670 | D:11     | Bought a scroll of enchant armour for 135 gold pieces
 23257 | D:12     | Noticed Azrael
 23305 | D:12     | Noticed Psyche
 23314 | D:12     | Killed Azrael
 23319 | D:12     | Killed Psyche
 23473 | D:12     | Found a staircase to the Orcish Mines.
 24033 | Orc:1    | Entered Level 1 of the Orcish Mines
 24527 | Orc:2    | Entered Level 2 of the Orcish Mines
 24547 | Orc:2    | Found Winul's Book Shop.
 24564 | Orc:2    | Found Luysom's General Store.
 24699 | Orc:2    | Paralysed by an orc sorcerer for 4 turns
 24709 | Orc:2    | Found Piobupsuiga's Weapon Shoppe.
 24897 | Orc:2    | Found a bloodstained altar of Trog.
 24915 | Orc:2    | Found Tovenn's Assorted Antiques.
 24923 | Orc:2    | Noticed an orc warlord
 24945 | Orc:2    | Killed an orc warlord
 24963 | Orc:2    | Found a runed translucent gate.
 24964 | Orc:2    | Found a runed translucent gate.
 24964 | Orc:2    | Found a runed translucent gate.
 24971 | Orc:2    | Noticed growler's ghost (journeyman TeBe)
 25016 | Orc:2    | Killed growler's ghost
 25358 | Orc:2    | Found Qebberph's Magic Scroll Emporium.
 25361 | Orc:2    | Found Igoihiaj's Distillery.
 25465 | Orc:2    | Received a gift from Okawaru
 25478 | Orc:2    | Reached XP level 15. HP: 81/117 MP: 20/20
 25496 | Orc:2    | HP: 3/118 [orc knight/+0 long sword (17)]
 25768 | Orc:2    | Found Otrenaw's Weapon Shoppe.
 25947 | Orc:2    | Found a staircase to the Elven Halls.
 26469 | Orc:2    | Found Inonlust's Jewellery Boutique.
 26469 | Orc:2    | Found Zalamua's Antique Weapon Shop.
 26470 | Orc:2    | Found a one-way gate leading to the halls of Pandemonium.
 26513 | Orc:2    | Bought a +6 ring of strength for 702 gold pieces
 26839 | D:13     | Noticed Kirke
 26862 | D:13     | Killed Kirke
 27052 | D:13     | Acquired a manual of Shields
 27153 | D:13     | Found a bloodstained altar of Trog.
 27161 | D:13     | Found a transporter.
 27169 | D:13     | Found a transporter.
 27173 | D:13     | Noticed issech's ghost (journeyman MiMo)
 27444 | D:14     | Identified the ring "Huydezxu" {MP+9 Dex+6}
 27938 | D:14     | Received a gift from Okawaru
 28473 | D:14     | Found a gate to the Vaults.
 28806 | Swamp:1  | Entered Level 1 of the Swamp
 29381 | Swamp:1  | Identified the +3 leather armour of the Jackalope {Rampage
                  | Fly rF++ Dex-3}
 29700 | Swamp:1  | Reached skill level 15 in Shields
 29909 | Swamp:1  | Identified Roxanne's Papyrus of Stones
 29909 | Swamp:1  | Noticed Roxanne
 29932 | Swamp:1  | Killed Roxanne
 30193 | Swamp:1  | Found a runed translucent gate.
 30193 | Swamp:1  | Found a runed translucent gate.
 30193 | Swamp:1  | Found a runed translucent gate.
 30196 | Swamp:1  | Noticed Soldner's ghost (journeyman HOFi)
 30196 | Swamp:1  | Noticed Ypsiuj's ghost (adept GnSk)
 30196 | Swamp:1  | Noticed Gokhumny's ghost (adept GnFi)
 30196 | Swamp:1  | Noticed Buem's ghost (adept OgAM)
 30207 | Swamp:1  | Received a gift from Okawaru
 30506 | Swamp:2  | Reached skill level 15 in Fighting
 30522 | Swamp:2  | Reached XP level 16. HP: 122/149 MP: 21/21
 31615 | Swamp:3  | Noticed a tentacled monstrosity
 31627 | Swamp:3  | Killed a tentacled monstrosity
 32091 | Swamp:3  | Reached skill level 15 in Armour
 32126 | Swamp:3  | Paralysed by a fenstrider witch for 3 turns
 33233 | Swamp:4  | Entered Level 4 of the Swamp
 33894 | Swamp:4  | Identified the +4 tower shield "Cas Lesmu" {rPois MP-9
                  | Dex+4} (Okawaru gifted it to you on level 4 of the Swamp)
 33894 | Swamp:4  | Received a gift from Okawaru
 34176 | Swamp:4  | Noticed Aizul
 34186 | Swamp:4  | Killed Aizul
 34902 | Swamp:4  | Identified the +4 scimitar "Wopyucez" {freeze, Will+ Int+2}
 34908 | Swamp:4  | Noticed a thorn hunter
 34922 | Swamp:4  | Killed a thorn hunter
 34946 | Swamp:4  | Reached XP level 17. HP: 103/161 MP: 12/22
 35144 | Swamp:4  | Received a gift from Okawaru
 35164 | Swamp:4  | Got a decaying rune of Zot
 35468 | Snake:1  | Entered Level 1 of the Snake Pit
 35704 | Snake:1  | Received a gift from Okawaru
 36303 | Snake:1  | Found Ycigru Sife's Antique Weapon Boutique.
 36311 | Snake:1  | Bought a crystal hand axe for 344 gold pieces
 36311 | Snake:1  | Identified the +11 hand axe "Tiotu" {venom, rC++ Int+5}
                  | (You bought it in a shop on level 1 of the Snake Pit)
 36983 | Snake:2  | Reached skill level 1 in Stealth
 37547 | Snake:2  | Noticed Frances
 37559 | Snake:2  | Killed Frances
 38001 | Snake:3  | Identified the +6 mace "Zuicvodgh" {vorpal, Int+4} (Okawaru
                  | gifted it to you on level 3 of the Snake Pit)
 38001 | Snake:3  | Received a gift from Okawaru
 39196 | Snake:4  | Entered Level 4 of the Snake Pit
 39209 | Snake:4  | Found Cigium's General Store.
 39253 | Snake:4  | Received a gift from Okawaru
 39307 | Snake:3  | Identified the +1 chain mail of Oria {rF++} (Okawaru gifted
                  | it to you on level 3 of the Snake Pit)
 39307 | Snake:3  | Received a gift from Okawaru
 39444 | Snake:3  | Reached XP level 18. HP: 146/171 MP: 20/23
 40892 | Snake:4  | Got a serpentine rune of Zot
 41325 | D:13     | Killed issech's ghost
 41821 | Swamp:1  | Killed Gokhumny's ghost
 41836 | Swamp:1  | Killed Ypsiuj's ghost
 41889 | Swamp:1  | Killed Soldner's ghost
 41929 | Swamp:1  | Killed Buem's ghost
 41954 | Swamp:1  | Identified the +0 cloak of Limited Liability {Will+ Int+9}
 41962 | Swamp:1  | Identified the ring of Copn {Fire Int+2}
 42335 | Orc:2    | Bought a potion of heal wounds for 120 gold pieces
 42335 | Orc:2    | Bought 2 potions of cancellation for 384 gold pieces
 42362 | Orc:2    | Bought a scroll of blinking for 112 gold pieces
 42362 | Orc:2    | Bought a scroll of magic mapping for 52 gold pieces
 42362 | Orc:2    | Bought a scroll of magic mapping for 52 gold pieces
 42476 | D:11     | Bought 3 scrolls of blinking for 405 gold pieces
 42548 | D:15     | Entered Level 15 of the Dungeon
 42869 | D:14     | Received a gift from Okawaru
 42895 | D:15     | Paralysed by an ogre mage for 7 turns
 42949 | D:15     | Found a staircase to the Depths.
 43691 | Elf:1    | Entered Level 1 of the Elven Halls
 44930 | Elf:1    | Found Uduuzog's Antique Weapon Emporium.
 44945 | Elf:1    | Bought a shimmering mace for 208 gold pieces
 44945 | Elf:1    | Identified the +5 mace of the Glimmering Badger {antimagic,
                  | rC+ Will- Int+4 Dex+4} (You bought it in a shop on level 1
                  | of the Elven Halls)
 44966 | Elf:1    | Reached XP level 19. HP: 182/182 MP: 22/24
 45206 | Elf:1    | Found Domiwku's Book Boutique.
 45209 | Elf:1    | Found Kogeup's Jewellery Emporium.
 45210 | Elf:1    | Found Kemp's Book Boutique.
 45609 | Depths:1 | Entered Level 1 of the Depths
 45871 | Depths:1 | Noticed an ancient lich
 45879 | Depths:1 | Identified the +0 pair of boots of Purpose {rElec} (Okawaru
                  | gifted it to you on level 1 of the Depths)
 45879 | Depths:1 | Received a gift from Okawaru
 45947 | Depths:1 | Killed an ancient lich
 46029 | Depths:1 | Got Istru's Almanac of Evil Secrets
 46825 | Depths:1 | Cast into level 2 of the Abyss (a wizard)
 46975 | Abyss:3  | Found a corrupted altar of Lugonu.
 47155 | Abyss:3  | Gained mutation: Your magical capacity is low. (-10% MP) [a
                  | neqoxec]
 47411 | Abyss:3  | Paralysed by an air elemental for 1 turns
 47521 | Depths:1 | Escaped the Abyss
 47905 | Vaults:1 | Entered Level 1 of the Vaults
 48047 | Vaults:1 | Received a gift from Okawaru
 48047 | Vaults:1 | Found the +8 whip "Snakebite" {venom, curare, rPois}
 48531 | Vaults:1 | Paralysed by a sphinx for 7 turns
 48548 | Vaults:1 | Demolished by a phantasmal warrior

Illustrated notes

Levels and vault maps discovered:
D:1:      erik_arrival_orb_chamber, layout_loops_ring,
          hellmonk_ecumenical_altar_run_dry
D:2:      minmay_kobold_bridge, layout_basic, basic_altar
D:3:      cheibrodos_helix_gallery, layout_basic, minivault_14
D:4:      layout_layer_cave, mainiacjoe_overflow_24_doors, kennysheep_boxes
D:5:      layout_rooms, nicolae_qazlal_eye_of_the_storm, serial_shops,
          nicolae_shop_window_shopping
D:6:      layout_loops_ring, nicolae_uskayaw_dance_studio, serial_shops, shop,
          minmay_misc_feat_square, abandoned_shop
D:7:      layout_layer_cave, minmay_temple_entry_arrows, glass_columns_c,
          minmay_liquid_box
D:8:      layout_basic, old_standard_altar, uniq_maggie
D:9:      layout_irregular_city, kiku_gazebo_garden_becter,
          kennysheep_mini_moat, dpeg_lair_monsters, serial_bayou,
          serial_bayou_pond_c, serial_bayou_pond_d, serial_bayou_shore_a,
          serial_bayou_ford_a, serial_bayou_shore_b, minmay_st_funbox,
          roderic_roman_lattice, nicolae_elevator_lobby_asterisk, uniq_erolcha
D:10:     layout_basic, demons_altar, lemuel_crystal_altar
D:11:     layout_small_grid, serial_shops, nicolae_stop_n_shop_1
D:12:     layout_long_grid, orc_0_dummy, uniq_psyche, uniq_azrael
D:13:     layout_cave_pools, gammafunk_ghost_wrathful_warriors, uniq_kirke
D:14:     layout_irregular_city, david_vaults_4, serial_column_ruins,
          column_ruins_grid_5, column_ruins_hut, column_ruins_grid_1,
          column_ruins_open_small, column_ruins_grid_1,
          column_ruins_columns_straight
D:15:     gammafunk_depths_entry_grave, layout_cave_pools,
          wad_floor_pattern_untrapped, minmay_crystal_water
Temple:   zaba_magenta_temple
Lair:1:   layout_hall_layers, grunt_megastairs_3
Lair:2:   layout_long_grid, special_room [special_room_bee]
Lair:3:   cheibrodos_magma_flow, layout_regular_city
Lair:4:   layout_misc_corridors, swamp_mist, minmay_snake_entry_six_corridors,
          minivault_19
Lair:5:   layout_gridlike, slime_altar_1, serial_bayou_lagoon_b
Lair:6:   guppyfry_lair_end_dragon, layout_regular_city, wormcave,
          infiniplex_staircase_pool_2
Swamp:1:  layout_basic_swamp, gammafunk_ghost_cemetery,
          evilmike_swamp_ruin_house_2, hangedman_swamp_wriggling, uniq_roxanne
Swamp:2:  layout_basic_swamp, evilmike_swamp_ruin_house_6, swamp_pool1
Swamp:3:  layout_falls_marsh, hangedman_swamp_pad, swamp_pool1,
          infiniplex_staircase_pool
Swamp:4:  swamp_basic_johnstein, layout_basic_swamp, uniq_aizul
Snake:1:  layout_basic, serial_shops, nicolae_shop_advertising_works
          [nicolae_subvault_shop_adworks]
Snake:2:  layout_cave_town, uniq_frances
Snake:3:  layout_onion, grunt_megastairs_5
Snake:4:  minmay_snake_end_coiled, layout_rooms, serial_shops,
          nicolae_shop_stone
Orc:1:    layout_caves, nicolae_shop_self_help
Orc:2:    pf_orc_diabolical, layout_diamond_mine, basic_altar, serial_shops,
          nicolae_shop_bloodbath_and_beyond, nicolae_shop_statue_plus,
          nicolae_shop_window_shopping, shop, shop_fountains,
          gammafunk_ghost_necromancy
Elf:1:    minmay_elf_arrival_circle, layout_geoelf_grid, serial_shops, shop,
          special_room [special_room_mythical_zoo], hangedman_elf_disciples,
          minmay_shop_grove
Elf:2:    nicolae_elf_blades_splatter_lattice
          [nicolae_blade_entry_sentries_behind_glass], layout_loops_ring,
          drop_trap, uniq_jorgrun
Vaults:1: nicolae_vaults_sealed_display, hangedman_vaults_unwind, v_misc_9,
          nicolae_vaults_little_squares_5, ontoclasm_vaults_eye,
          vaults_dpeg_encased_lava, st_eye, v_alt_pattern_1, v_rooms_2,
          vaults_dpeg_ring, v_misc_3, ontoclasm_vaults_ligature,
          vaults_room_stairs_pillars, ontoclasm_vaults_gateway,
          layout_vaults_ring
Depths:1: layout_gridville, special_room [special_room_morgue],
          nicolae_hell_entry_hellmouth_sunbeams, hex_tiny, pan_entry,
          serial_sigils_hangedman_quiver, lightli_corner_chamber,
          minmay_shoptagon, uniq_saint_roka

Skill      XL: |  1  2  3  4  5  6  7  8  9 10 11 12 13 14 15 16 17 18 19 |
---------------+----------------------------------------------------------+-----
Axes           | 3 4 5 |  5.2
Fighting       | 4 7 8 9 10 11 12 13 15 17 19 20 | 20.0
Armour         | 4 7 8 9 10 11 12 13 14 15 16 18 19 | 19.1
Dodging        | 1 5 6 7 8 9 10 11 12 | 12.6
Shields        | 4 7 8 9 10 11 12 13 15 18 20 21 22 | 22.1
Maces & Flails | 1 2 8 9 10 11 13 14 16 17 19 20 21 22 | 22.4
Invocations    | 2 3 5 6 7 8 |  8.4
Stealth        | 3 4 |  4.0

Action                   |  1- 3 |  4- 6 |  7- 9 | 10-12 | 13-15 | 16-18 | 19-21 || total
-------------------------+-------+-------+-------+-------+-------+-------+-------++-------
Melee: War axe           |    61 |       |       |       |       |       |       ||    61
       Headbutt          |     8 |    17 |    37 |   108 |   302 |   418 |   168 ||  1058
       Whip              |    19 |   106 |   181 |       |       |       |       ||   306
       Eveningstar       |       |       |    77 |   509 |  1207 |  1434 |   532 ||  3759
Throw: Throwing net      |       |       |       |       |       |     2 |       ||     2
       Javelin           |       |       |       |       |       |     4 |       ||     4
Invok: Heroism           |       |       |       |     2 |     2 |     3 |     1 ||     8
       Finesse           |       |       |       |       |     2 |     3 |     2 ||     7
  Use: Scroll            |     4 |     5 |     8 |    17 |     6 |    13 |     4 ||    57
       Potion            |       |     1 |     1 |       |    10 |     6 |     5 ||    23
 Stab: Confused          |       |       |       |       |     2 |       |       ||     2
       Petrifying        |       |       |       |       |     2 |     1 |       ||     3
       Distracted        |       |       |       |       |     1 |     2 |     4 ||     7
       Paralysed         |       |       |       |       |     1 |     5 |       ||     6
       Sleeping          |       |       |       |       |       |    12 |     3 ||    15
Armor: Scale mail        |    30 |     9 |    68 |   294 |   265 |   337 |   139 ||  1142
       Chain mail        |       |    14 |    50 |       |       |       |       ||    64
Dodge: Dodged            |    44 |    29 |   118 |   351 |   483 |   649 |   329 ||  2003
Block: Buckler           |    17 |    19 |    70 |   180 |    51 |       |       ||   337
       Kite shield       |       |       |       |       |   703 |   217 |       ||   920
       Tower shield      |       |       |       |       |       |  1573 |   630 ||  2203
